 Dungeon Crawl Stone Soup version 0.28-a0-704-g4d584c6bc1 (webtiles) character file.

Game seed: 8930679565662356334

23680 vnlsnvl the Unseen (level 12, -1/61 HPs)
             Began as a Spriggan Enchanter on Oct 24, 2021.
             Was a High Priest of Dithmenos.
             Slain by a +3 long sword (8 damage)
             ... on level 13 of the Dungeon.
             The game lasted 00:38:31 (18059 turns).

vnlsnvl the Unseen (Spriggan Enchanter)            Turns: 18059, Time: 00:38:32

Health: -1/61      AC: 10    Str:  8    XL:     12   Next: 74%
Magic:  29/29      EV: 23    Int: 24    God:    Dithmenos [*****.]
Gold:   775        SH:  5    Dex: 15    Spells: 27/35 levels left

rFire   . . .      SeeInvis +   q - +4 dagger (elec)
rCold   . . .      Faith    .   (shield restricted)
rNeg    . . .      Spirit   .   v - +0 steam dragon scales
rPois   .          Reflect  +   (helmet restricted)
rElec   .          Harm     .   p - +0 cloak
rCorr   .          Rampage  .   (gloves unavailable)
Will    ++...                   (boots unavailable)
Stlth   ++++++++++              w - amulet of reflection
HPRegen 0.20/turn               t - +4 ring of protection
MPRegen 0.21/turn               n - +6 ring of intelligence

@: wreathed by umbra, very quick
A: very small, no large weapons, unfitting armour, see invisible, speed 3
a: Renounce Religion, Shadow Step, Shadow Form


You were on level 13 of the Dungeon.
You worshipped Dithmenos.
Dithmenos was extremely pleased with you.
You visited 2 branches of the dungeon, and saw 14 of its levels.

You collected 895 gold pieces.
You spent 120 gold pieces at shops.

Inventory:

Hand Weapons
 q - a +4 dagger of electrocution (weapon)
 z - a +5 short sword
Missiles
 e - 5 curare-tipped darts (quivered)
 m - a throwing net
Armour
 b - a +1 robe
 p - a +0 cloak (worn)
 v - +0 steam dragon scales (worn)
Jewellery
 f - a ring of ice
 h - a ring of fire
 i - a ring of resist corrosion
 n - a +6 ring of intelligence (right hand)
 t - a +4 ring of protection (left hand)
 u - a ring of protection from fire
 w - an amulet of reflection (around neck)
 y - a +6 ring of strength
 G - a ring of ice
 H - an amulet of magic regeneration
Wands
 A - a wand of charming (7)
 C - a wand of iceblast (16)
 E - a wand of digging (3)
 F - a wand of paralysis (14)
 I - a wand of flame (23)
 M - a wand of mindburst (17)
Scrolls
 g - 3 scrolls of teleportation
 l - 3 scrolls of fear
 o - 2 scrolls of amnesia
 x - 6 scrolls of identify
 B - a scroll of fog
Potions
 c - a potion of invisibility
 d - 2 potions of flight
 j - 4 potions of curing
 k - a potion of attraction
 r - 2 potions of ambrosia
 s - 3 potions of haste
 D - a potion of berserk rage
 J - a potion of cancellation
 L - 2 potions of lignification
 N - a potion of might
 O - 2 potions of resistance
Miscellaneous
 K - a box of beasts (inert)


   Skills:
 + Level 6.2 Fighting
 + Level 8.3 Short Blades
 + Level 10.4 Dodging
 + Level 16.2 Stealth
 + Level 12.1 Spellcasting
 + Level 12.4 Hexes


You had 27 spell levels left.
You knew the following spells:

 Your Spells              Type           Power      Damage    Failure   Level
a - Ensorcelled Hibernat  Hex/Ice        88%        N/A       1%          2
b - Tukima's Dance        Hex            65%        N/A       1%          3
c - Dazzling Flash        Conj/Hex       88%        N/A       1%          3

Your spell library contained the following spells:

 Spells                   Type           Power      Damage    Failure   Level
 Confusing Touch          Hex            65%        N/A       1%          3
 Inner Flame              Hex/Fire       44%        N/A       1%          3
 Foxfire                  Conj/Fire      56%        2x1d6     4%          1
 Sandblast                Erth           28%        2d8       4%          1
 Static Discharge         Conj/Air       14%        N/A       6%          2
 Yara's Violent Unravell  Hex/Tmut       22%        3d10      10%         5
 Conjure Flame            Conj/Fire      14%        6-21      13%         3
 Frozen Ramparts          Ice            28%        1d4       13%         3
 Animate Armour           Summ/Erth      28%        N/A       38%         4
 Flame Wave               Conj/Fire      14%        3d5       38%         4
 Ice Form                 Ice/Tmut       14%        N/A       38%         4
 Olgreb's Toxic Radiance  Pois           14%        N/A       38%         4
 Passage of Golubria      Tloc           14%        N/A       38%         4
 Summon Ice Beast         Ice/Summ       14%        N/A       38%         4
 Alistair's Intoxication  Tmut/Pois      9%         N/A       75%         5
 Blade Hands              Tmut           7%         N/A       75%         5
 Borgnjor's Vile Clutch   Necr/Erth      7%         N/A       75%         5
 Fireball                 Conj/Fire      7%         3d5       75%         5
 Lightning Bolt           Conj/Air       7%         1d19      75%         5
 Eringya's Noxious Bog    Tmut/Pois      7%         N/A       100%        6
 Iron Shot                Conj/Erth      7%         9d2       100%        6
 Starburst                Conj/Fire      7%         6d4       100%        6
 Ozocubu's Refrigeration  Ice            7%         4d6       100%        7
 Ignition                 Fire           7%         3d4       100%        8
 Maxwell's Capacitive Co  Air            7%         ∞         100%        8
 Shatter                  Erth           7%         3d9*      100%        9


Dungeon Overview and Level Annotations

Branches:
Dungeon (13/15)            Temple (1/1) D:5            Lair (0/6) D:11
    Orc (0/2) D:12         Vaults (0/5) D:13

Altars:
Ashenzari
Cheibriados
Dithmenos
Elyvilon
Fedhas
Kikubaaqudgha
Nemelex Xobeh
Okawaru
Ru
Sif Muna
Uskayaw
Vehumet
Zin
The Shining One

Shops:
D:3 *!*[[   D:7 *

Annotations:
D:3 2 transporters, MacCMillion's ghost, amateur DjFE
D:5 exclusion: oklob plant
D:6 exclusion: statue
D:9 3 runed translucent doors, NoKap's ghost, novice OpFE


Innate Abilities, Weirdness & Mutations

You are very small and have problems with some larger weapons.
You are too small for most types of armour.
You have supernaturally acute eyesight. (SInv)
You cover ground extremely quickly. (Speed+++)


Message History

Press: ? - help, Shift-Dir - straight line, p - +3 long sword The mass of ice explodes!
The iceblast engulfs the +3 long sword.
The +3 long sword is moderately damaged.
You block the +3 long sword's attack. The +3 long sword closely misses you.
Aiming: Iceblast
Press: ? - help, Shift-Dir - straight line The mass of ice explodes!
The +3 long sword hits you!!
The +3 long sword completely misses you.
Aiming: Iceblast
Press: ? - help, Shift-Dir - straight line That beam is likely to hit you.
Continue anyway? [Y]es or [N]o only, please.
That beam is likely to hit you.
Continue anyway? [Y]es or [N]o only, please.
That beam is likely to hit you.
Continue anyway? [Y]es or [N]o only, please.
That beam is likely to hit you.
Continue anyway? [Y]es or [N]o only, please.
That beam is likely to hit you.
Continue anyway? [Y]es or [N]o only, please.
That beam is likely to hit you.
Continue anyway? [Y]es or [N]o only, please.
That beam is likely to hit you.
Continue anyway?
Okay, then.
Unknown command.
You miss the +3 long sword.
The +3 long sword is moderately damaged.
The +3 long sword hits you!
You hit the +3 long sword but do no damage.
The +3 long sword is moderately damaged.
Your shadow completely misses the +3 long sword.
You hit the +3 long sword but do no damage.
The +3 long sword is moderately damaged.
The +3 long sword hits you!!
* * * LOW HITPOINT WARNING * * *
You emit a cloud of dark smoke.
You hit the +3 long sword.
The +3 long sword is moderately damaged.
The +3 long sword hits you!
You die...

#######..##..##..#....#######....
......#..#....#..#....# #....
......#..#....#..'....# #....
......#..#....#..#.)..# #....
......#..#....#..#)...# #....
.##..##########'##....# #....
###..##..##.......##### #####
.#........#.....(§#
.#........#.....@§#
.#........#....§§§#
.#........#....§§§#
###..######.......#####
###..#.......##'#.....#
#....#.......#..'.....#
#....#.......#..#.....+
##...#.......#.##.....#
#######.....##.#####+##


You could see a +3 long sword.

Vanquished Creatures
  A hydra (D:13)
  Erolcha (D:9)
  3 boulder beetles
  2 centaur warriors
  2 two-headed ogres
  A wizard (D:12)
  Pikel (D:5)
  A cyclops (D:13)
  An ugly thing (D:13)
  Joseph (D:9)
  A gargoyle (D:8)
  5 komodo dragons
  Psyche (D:9)
  3 kobold demonologists (D:12)
  2 trolls
  3 meliai (D:13)
  2 hornets
  9 slime creatures
  2 vampires (D:13)
  2 wraiths
  12 yaks
  A wyvern (D:11)
  4 vampire mosquitoes
  3 steam dragons
  A basilisk (D:13)
  2 acid dragons
  Menkaure (D:6)
  2 water moccasins
  2 sky beasts
  3 orc warriors
  A swamp drake (D:12)
  11 centaurs
  A phantom (D:4)
  2 lemures (D:5)
  5 kobold brigands
  A gnoll sergeant (D:12)
  4 bullfrogs
  A scorpion (D:7)
  A water moccasin skeleton (D:4)
  7 wights
  4 howler monkeys
  7 centaur zombies
  A gnoll shaman (D:9)
  4 hounds
  A centaur skeleton (D:7)
  3 jellies
  9 orc priests
  4 iguanas
  8 orc wizards
  A scorpion zombie (D:5)
  A killer bee zombie (D:5)
  2 hound zombies (D:5)
  A howler monkey zombie (D:10)
  5 gnolls
  4 adders
  2 shadow imps
  A white imp (D:7)
  An ufetubus (D:6)
  An adder skeleton (D:4)
  5 worms
  3 dart slugs
  37 orcs
  2 ball pythons
  4 endoplasms
  A giant cockroach (D:3)
  8 goblins
  6 hobgoblins
  2 jackals (D:5)
  2 quokkas
  8 bats
  2 frilled lizards
  24 kobolds
  2 rats (D:3)
275 creatures vanquished.

Vanquished Creatures (collateral kills)
  A two-headed ogre (D:11)
  Maggie (D:6)
  Edmund (D:5)
  3 orc warriors
  A kobold brigand (D:8)
  9 wights
  An orc priest (D:12)
  An orc wizard (D:10)
  A killer bee zombie (D:8)
  2 orcs (D:12)
21 creatures vanquished.

Vanquished Creatures (others)
  A centaur simulacrum (D:11)
  A shadow (D:12)
  3 dancing weapons
  A water moccasin (D:7)
  A necrophage (D:7)
  2 kobolds (D:11)
  A plant (D:11)
10 creatures vanquished.

Grand Total: 306 creatures vanquished

Notes
Turn   | Place    | Note
-------+----------+-------------------------------------------
     0 | D:1      | vnlsnvl the Spriggan Enchanter began the quest for the Orb.
     0 | D:1      | Reached XP level 1. HP: 9/9 MP: 5/5
   710 | D:1      | Reached XP level 2. HP: 13/13 MP: 7/7
   713 | D:1      | Learned a level 2 spell: Ensorcelled Hibernation
  1914 | D:2      | Reached XP level 3. HP: 15/16 MP: 9/9
  1918 | D:2      | Learned a level 3 spell: Tukima's Dance
  1922 | D:2      | Learned a level 3 spell: Dazzling Flash
  3006 | D:3      | Found a transporter.
  3006 | D:3      | Noticed MacCMillion's ghost (amateur DjFE)
  3079 | D:3      | Found a transporter.
  3114 | D:3      | Found Heci's Assorted Antiques.
  3114 | D:3      | Found Isapti's Distillery.
  3119 | D:3      | Bought a scroll labelled XOJODOKESUY for 20 gold pieces
  3119 | D:3      | Bought a scroll labelled MODIARH EKUI for 20 gold pieces
  3119 | D:3      | Bought 2 scrolls labelled IGESAM ZETREA for 40 gold pieces
  3119 | D:3      | Bought a scroll of identify for 40 gold pieces
  3123 | D:3      | Found Vumo Vunt's Antique Armour Boutique.
  3403 | D:3      | Found Fajuorch's General Store.
  3421 | D:3      | Found Rayb's Antique Armour Emporium.
  3495 | D:3      | Reached XP level 4. HP: 21/21 MP: 11/11
  3666 | D:3      | Reached skill level 5 in Hexes
  3756 | D:5      | Entered Level 5 of the Dungeon
  3920 | D:4      | Reached XP level 5. HP: 24/24 MP: 13/13
  4065 | D:4      | Noticed a phantom
  4076 | D:4      | Killed a phantom
  4077 | D:4      | Reached skill level 5 in Stealth
  4077 | D:4      | Reached skill level 5 in Spellcasting
  4295 | D:4      | Reached skill level 6 in Stealth
  4295 | D:4      | Reached XP level 6. HP: 7/28 MP: 15/15
  4970 | D:5      | Noticed Pikel
  5294 | D:5      | Killed Pikel
  5295 | D:5      | Reached skill level 9 in Stealth
  5295 | D:5      | Reached XP level 7. HP: 6/32 MP: 1/17
  6462 | D:5      | Noticed Edmund
  6472 | D:5      | Killed Edmund
  6473 | D:5      | Reached XP level 8. HP: 36/36 MP: 3/19
  6587 | D:5      | Found a blossoming altar of Fedhas.
  6608 | D:5      | Noticed an oklob plant
  6642 | D:5      | Found a glowing golden altar of the Shining One.
  6657 | D:5      | Reached skill level 10 in Stealth
  6846 | D:5      | Found a staircase to the Ecumenical Temple.
  6860 | Temple   | Entered the Ecumenical Temple
  6923 | Temple   | Became a worshipper of Dithmenos the Shadowed
  7186 | D:6      | Noticed Menkaure
  7202 | D:6      | Killed Menkaure
  7259 | D:6      | Reached skill level 11 in Stealth
  8052 | D:6      | Noticed Maggie
  8062 | D:6      | Killed Maggie
  8345 | D:6      | Found a radiant altar of Vehumet.
  8562 | D:6      | Found an iron altar of Okawaru.
  8596 | D:6      | Reached XP level 9. HP: 38/39 MP: 22/22
  8688 | D:7      | Found Zuack's Elemental Accessories.
  8696 | D:7      | Found the +14 obsidian axe {vorpal, Mesm Drain Fly SInv}
  8730 | D:7      | Reached skill level 12 in Stealth
  8752 | D:7      | Reached * piety under Dithmenos
  9313 | D:7      | Reached skill level 1 in Fighting
 10019 | D:8      | Noticed a gargoyle
 10021 | D:8      | Noticed a centaur warrior
 10022 | D:8      | Noticed a komodo dragon
 10032 | D:8      | Killed a centaur warrior
 10033 | D:8      | Reached skill level 5 in Dodging
 10073 | D:8      | Reached XP level 10. HP: 35/47 MP: 17/24
 10075 | D:8      | Reached skill level 13 in Stealth
 10076 | D:8      | Reached ** piety under Dithmenos
 10371 | D:8      | Killed a gargoyle
 10514 | D:8      | Reached skill level 10 in Hexes
 10779 | D:8      | Found a hide-covered altar of Uskayaw.
 10836 | D:8      | Noticed a two-headed ogre
 10846 | D:8      | Killed a two-headed ogre
 11097 | D:8      | Reached skill level 5 in Short Blades
 11187 | D:8      | Noticed a boulder beetle
 11200 | D:8      | Killed a boulder beetle
 11201 | D:8      | Reached skill level 10 in Spellcasting
 11383 | D:9      | Found a sparkling altar of Nemelex Xobeh.
 11390 | D:9      | Noticed Erolcha
 11394 | D:9      | Killed Erolcha
 11425 | D:9      | Reached skill level 14 in Stealth
 11714 | D:9      | Reached XP level 11. HP: 53/53 MP: 14/26
 11720 | D:9      | Reached *** piety under Dithmenos
 11886 | D:9      | Noticed Psyche
 11893 | D:9      | Killed Psyche
 12090 | D:9      | Noticed Joseph
 12103 | D:9      | Killed Joseph
 12363 | D:9      | Noticed NoKap's ghost (novice OpFE)
 12368 | D:9      | Found a runed translucent gate.
 12368 | D:9      | Found a runed translucent gate.
 12370 | D:9      | Found a runed translucent gate.
 12373 | D:9      | You fall into a shaft and drop 1 floor!
 12373 | D:10     | Entered Level 10 of the Dungeon
 12742 | D:10     | Noticed a two-headed ogre
 12750 | D:10     | Killed a two-headed ogre
 14338 | D:11     | Noticed a boulder beetle
 14345 | D:11     | Killed a boulder beetle
 14349 | D:11     | Noticed a two-headed ogre
 14382 | D:10     | Reached skill level 5 in Fighting
 14530 | D:11     | Found a staircase to the Lair.
 14607 | D:11     | Killed a two-headed ogre
 14608 | D:11     | Reached skill level 15 in Stealth
 14789 | D:11     | Reached **** piety under Dithmenos
 14969 | D:12     | Found a broken altar of Ashenzari.
 15389 | D:12     | Reached XP level 12. HP: 60/60 MP: 28/28
 15986 | D:12     | Got Roxanne's Grimoire of the Mountains
 16042 | D:12     | Noticed a boulder beetle
 16114 | D:12     | Found a staircase to the Orcish Mines.
 16138 | D:12     | Killed a boulder beetle
 16741 | D:13     | Identified the +1 robe of the Bruised Ears {rPois rN+ Str-4
                  | Slay+3}
 16745 | D:13     | Noticed a centaur warrior
 16754 | D:13     | Killed a centaur warrior
 16756 | D:13     | Reached ***** piety under Dithmenos
 16903 | D:13     | Reached skill level 10 in Dodging
 17171 | D:13     | Found a gate to the Vaults.
 17322 | D:13     | Reached skill level 16 in Stealth
 17344 | D:13     | HP: 2/61 [+3 long sword (22)]
 17365 | D:13     | Noticed a four-headed hydra
 17377 | D:13     | Killed a four-headed hydra
 18059 | D:13     | Slain by a +3 long sword

Illustrated notes

Levels and vault maps discovered:
D:1:      mrwooster_arrival_arrow, layout_loops_ring
D:2:      layout_rooms, guppyfry_early_orc_mine
D:3:      layout_basic, gammafunk_ghost_arena, serial_shops, shop, shop, shop,
          nicolae_shop_crystal, nicolae_shop_stone
D:4:      layout_basic, chequers_serial_rivers_small_a
D:5:      layout_basic, tgw_fedhas, mainiacjoe_overflow_alcove_4,
          minmay_temple_entry_statues_pillars, chequers_serial_rivers_micro_a,
          uniq_pikel, uniq_edmund
D:6:      layout_basic, mainiacjoe_overflow_24_doors, vehumet_statue,
          uniq_maggie, uniq_menkaure
D:7:      layout_loops_ring, nicolae_elemental_shop, grunt_tough_drop
D:8:      cheibrodos_fzero, layout_basic, nicolae_uskayaw_dance_studio
D:9:      layout_stronghold, mainiacjoe_overflow_alcove_1,
          gammafunk_ghost_split, uniq_erolcha, uniq_joseph, uniq_psyche
D:10:     minmay_weird_star, layout_basic, nicolae_benzene_ring,
          hangedman_abyss_or_decor_clamps
D:11:     layout_cave_pools, david_lair_shrubbed
D:12:     cheibrodos_wizards_tower, layout_loops_ring, erik_orc_1,
          ashenzari_altar_1
D:13:     layout_gridville, erik_vaults_1
Temple:   eino_temple_rhombus

Skill      XL: |  1  2  3  4  5  6  7  8  9 10 11 12 |
---------------+-------------------------------------+-----
Spellcasting   | 3 4 5 6 8 9 10 11 12 | 12.1
Hexes          | 4 5 6 7 8 9 10 11 12 | 12.4
Stealth        | 6 9 11 12 14 15 16 | 16.2
Dodging        | 5 7 9 10 | 10.4
Fighting       | 2 4 5 6 |  6.2
Short Blades   | 3 5 7 8 |  8.3

Action                   |  1- 3 |  4- 6 |  7- 9 | 10-12 || total
-------------------------+-------+-------+-------+-------++-------
Melee: Dagger            |   101 |   119 |   282 |   355 ||   857
       Short sword       |       |       |       |   245 ||   245
Throw: Dart              |     3 |       |       |       ||     3
 Cast: Ensorcelled Hiber |    30 |    23 |    71 |    87 ||   211
       Dazzling Flash    |       |     6 |     4 |     5 ||    15
       Tukima's Dance    |       |     1 |     9 |    34 ||    44
Evoke: Wand              |       |       |       |    17 ||    17
       Box of beasts     |       |       |       |     1 ||     1
  Use: Scroll            |     9 |     2 |     3 |    11 ||    25
       Potion            |       |     4 |     3 |     2 ||     9
 Stab: Sleeping          |    30 |    19 |    47 |    71 ||   167
       Distracted        |     1 |     1 |       |     3 ||     5
       Invisible         |       |     1 |     3 |     3 ||     7
       Paralysed         |       |       |       |     2 ||     2
Armor: Robe              |     6 |    11 |    29 |       ||    46
       Steam dragon scal |       |       |    49 |    99 ||   148
Dodge: Dodged            |    68 |    80 |   227 |   493 ||   868
Block: Other             |       |       |    47 |   121 ||   168
       Reflection        |       |       |     2 |     6 ||     8

Table legend: (Time is in decaauts)
 A = Elapsed time spent in this place.
 B = Non-inter-level travel time spent in this place.
 C = Inter-level travel time spent in this place.
 D = Time resting spent in this place.
 E = Time spent auto-exploring this place.
 F = Levels seen in this place.
 G = Mean time per level.
                   A        B        C        D        E       F      G
               +--------+--------+--------+--------+--------+-----+--------+
         Total |  14576 |  14299 |    277 |   3655 |   8063 |  14 | 1041.1 |
       Dungeon |  14510 |  14243 |    267 |   3655 |   8015 |  13 | 1116.2 |
        Temple |     66 |     56 |     10 |      0 |     47 |   1 |   66.0 |
               +--------+--------+--------+--------+--------+-----+--------+

Top non-repeatable levels by time:
     D:4: 1806 daAuts
    D:12: 1405 daAuts
    D:10: 1322 daAuts
     D:1: 1241 daAuts
     D:6: 1190 daAuts
     D:5: 1166 daAuts
    D:13: 1089 daAuts
     D:7: 1058 daAuts
     D:8: 1039 daAuts
     D:2: 1024 daAuts
     D:9: 787 daAuts
     D:3: 739 daAuts
    D:11: 637 daAuts
  Temple: 66 daAuts
